 Dungeon Crawl Stone Soup version 0.24.0-41-g2ae2f7f1be (webtiles) character file.

Game seed: 1294260965474924763, levelgen mode: deterministic

383 Goreval the Grave Robber (level 6, -2/50 HPs)
             Began as a Hill Orc Necromancer on Dec 10, 2019.
             Shot with an arrow by a centaur (12 damage)
             ... on level 4 of the Dungeon.
             The game lasted 00:13:01 (6766 turns).

Goreval the Grave Robber (Hill Orc Necromancer)     Turns: 6766, Time: 00:13:02

Health: -2/50      AC:  3    Str: 11    XL:     6   Next: 76%
Magic:  13/19      EV: 12    Int: 17    God:
Gold:   281        SH:  0    Dex: 11    Spells: 2/10 levels left

rFire    . . .     SeeInvis .   t - +0 hand axe
rCold    . . .     Gourm    .   (no shield)
rNeg     . . .     Faith    +   y - +0 animal skin
rPois    .         Spirit   .   v - +0 helmet
rElec    .         Reflect  .   (no cloak)
rCorr    .         Harm     .   (no gloves)
MR       .....                  (no boots)
Stlth    +++.......             r - amulet of faith
HPRegen  1.16/turn              h - ring of stealth
MPRegen  0.16/turn              q - ring of magical power (curse)

@: regenerating
A: no striking features
a: no special abilities


You were on level 4 of the Dungeon.
You were not hungry.

You visited 1 branch of the dungeon, and saw 4 of its levels.

You collected 281 gold pieces.

Inventory:

Hand Weapons
 k - a +1 dagger of freezing
 t - a +0 hand axe (weapon)
Missiles
 j - 196 stones (quivered)
 o - 6 atropa-tipped darts
 C - 2 throwing nets
Armour
 s - a +0 scale mail
 v - a +0 helmet (worn)
 y - a +0 animal skin (worn)
 z - a +0 cloak
Jewellery
 h - a ring of stealth (left hand)
 q - a cursed ring of magical power (right hand)
 r - an amulet of faith (around neck)
Scrolls
 d - 2 scrolls of remove curse {unknown}
 e - a scroll of amnesia {unknown}
 f - 2 scrolls of teleportation {unknown}
 g - a scroll of immolation {unknown}
 u - a scroll of enchant armour {unknown}
 w - 3 scrolls of identify {unknown}
 x - a scroll of fog {unknown}
Potions
 a - 2 potions of cancellation {unknown}
 b - 3 potions of curing {unknown}
 i - a potion of lignification {unknown}
 l - a potion of heal wounds {unknown}
 m - a potion of brilliance {unknown}
 n - a potion of magic {unknown}
 p - a potion of haste
 A - a potion of resistance {unknown}
 B - a potion of degeneration {unknown}
Comestibles
 c - 8 rations
 D - 5 chunks of flesh


   Skills:
 + Level 2.4 Fighting
 * Level 4.0 Axes
 - Level 1.5 Dodging
 - Level 1.5 Stealth
 - Level 2.7 Spellcasting
 - Level 6.0 Necromancy


You had 2 spell levels left.
You knew the following spells:

 Your Spells              Type           Power        Failure   Level  Hunger
a - Pain                  Necr           ###.         1%          1    #......
b - Vampiric Draining     Necr           ###.......   4%          3    ###....
r - Regeneration          Chrm/Necr      ##........   16%         3    ###....
u - Animate Skeleton      Necr           N/A          1%          1    #......

Your spell library contained the following spells:

 Spells                   Type           Power        Failure   Level  Hunger
 Animate Dead             Necr           N/A          16%         4    #####..


Dungeon Overview and Level Annotations

Branches:
Dungeon (4/15)
 Temple: D:4-7

Altars:
Nemelex Xobeh


Message History

The centaur shoots an arrow.
The arrow hits you.
You see here an arrow.
The centaur shoots an arrow.
The arrow hits you!
You see here an arrow.
Aim: a centaur, wielding a +0 shortbow (chance to defeat MR: 81%)
The centaur writhes in agony.
The centaur shoots an arrow.
The arrow hits you.
Aim: a centaur, wielding a +0 shortbow (moderately wounded, chance to defeat MR: 81%)
The centaur writhes in agony!
The centaur shoots an arrow.
The arrow hits you!
* * * LOW HITPOINT WARNING * * *
Aim: a centaur, wielding a +0 shortbow (heavily wounded, chance to defeat MR: 81%)
The centaur barely resists.
The centaur shoots an arrow.
The arrow hits you.
* * * LOW HITPOINT WARNING * * *
You swap places.
The centaur shoots an arrow.
The arrow hits your orc skeleton.
Aim: a centaur, wielding a +0 shortbow (heavily wounded, chance to defeat MR: 81%)
Your orc skeleton is unaffected.
The centaur shoots an arrow.
The arrow hits your orc skeleton.
Your orc skeleton is destroyed!
Your skin crawls.
The centaur shoots an arrow.
The arrow closely misses you.
The centaur shoots an arrow.
The arrow hits you!
You die...

. ........# #.###. #.#...
...## #..##. ###..#..
##..## #.....
.....##.##....## #.....
....#.#...#....# ###....
...............####......
....c....................
#..#...#((...##.##.......
.......)@(#..##.#........
....#..#.(#.#####........
. ######### #.........
##..#..... ##.##.##.
######## #


You could see a centaur.

Vanquished Creatures
  An ogre (D:3)
  An iguana (D:4)
  Jessica (D:3)
  Robin (D:2)
  6 gnolls (D:3)
  4 adders
  2 oozes (D:1)
  A worm (D:2)
  5 dart slugs
  2 leopard geckos (D:3)
  7 orcs
  10 bats
  3 giant cockroaches
  13 hobgoblins
  4 jackals (D:3)
  5 quokkas
  2 ball pythons
  10 frilled lizards
  15 goblins
  7 kobolds
  3 rats
103 creatures vanquished.

Vanquished Creatures (collateral kills)
  An adder (D:3)
  A giant cockroach (D:2)
  4 goblins (D:2)
6 creatures vanquished.

Grand Total: 109 creatures vanquished

Notes
Turn   | Place    | Note
-------+----------+-------------------------------------------
     0 | D:1      | Goreval the Hill Orc Necromancer began the quest for the
                  | Orb.
     0 | D:1      | Reached XP level 1. HP: 14/14 MP: 3/3
    55 | D:1      | Reached XP level 2. HP: 8/20 MP: 0/4
   185 | D:1      | Learned a level 1 spell: Animate Skeleton
   933 | D:1      | Reached XP level 3. HP: 23/26 MP: 1/5
  1455 | D:2      | Noticed Robin
  1560 | D:2      | Learned a level 3 spell: Vampiric Draining
  2081 | D:2      | Reached skill level 5 in Necromancy
  2275 | D:2      | Reached XP level 4. HP: 28/33 MP: 1/7
  2841 | D:2      | Killed Robin
  2841 | D:2      | Reached skill level 1 in Axes
  3766 | D:3      | Reached XP level 5. HP: 28/39 MP: 8/8
  3955 | D:3      | Reached skill level 1 in Fighting
  4486 | D:3      | Noticed an ogre
  4846 | D:3      | Found a sparkling altar of Nemelex Xobeh.
  4846 | D:3      | Noticed Jessica
  4850 | D:3      | Killed Jessica
  4890 | D:3      | Killed an ogre
  4890 | D:3      | Reached XP level 6. HP: 35/48 MP: 9/9
  5885 | D:4      | Reached skill level 6 in Necromancy
  5891 | D:4      | Learned a level 3 spell: Regeneration
  5992 | D:4      | Noticed a phantom
  5994 | D:4      | Noticed a phantom
  6766 | D:4      | Shot with an arrow by a centaur

Levels and vault maps discovered:
D:1:      dpeg_arrival_rooms_with_view, layout_basic, serial_forest,
          infiniplex_forest_straight_4, infiniplex_forest_lined_room_,
          infiniplex_forest_lined_4_way, infiniplex_forest_lined_room_,
          infiniplex_forest_split, infiniplex_forest_join
D:2:      layout_basic, minmay_tromino_mix6, uniq_robin
D:3:      layout_basic, first_ration, roderic_lattice_a,
          nemelex_lonely_heart_becter
D:4:      layout_cave_pools, lemuel_zombie_altar_yredelemnul, grunt_ministairs_6

Skill      XL: |  1  2  3  4  5  6 |
---------------+-------------------+-----
Spellcasting   | 2 |  2.7
Necromancy     | 5 6 |  6.0
Axes           | 1 3 4 |  4.0
Fighting       | 2 |  2.4
Dodging        | |  1.5
Stealth        | |  1.5

Action                   |  1- 3 |  4- 6 || total
-------------------------+-------+-------++-------
Melee: Unarmed           |     5 |       ||     5
       Dagger            |    15 |       ||    15
       Hand axe          |       |   108 ||   108
 Cast: Pain              |    64 |   158 ||   222
       Animate Skeleton  |    10 |    25 ||    35
       Vampiric Draining |       |     5 ||     5
       Regeneration      |       |     2 ||     2
 Stab: Distracted        |       |     1 ||     1
       Sleeping          |       |     1 ||     1
  Eat: Chunk             |     6 |    13 ||    19
       Ration            |       |     1 ||     1
Armor: Robe              |    17 |     2 ||    19
       Animal skin       |       |    26 ||    26
Dodge: Dodged            |    46 |    91 ||   137
